 Dungeon Crawl Stone Soup version 0.21.1-1-g345015f (webtiles) character file.

93 Oca the Conjurer (level 4, 0/24 HPs)
             Began as a Deep Elf Conjurer on Mar 21, 2018.
             Slain by a worm (7 damage)
             ... on level 2 of the Dungeon.
             The game lasted 00:22:24 (1306 turns).

Oca the Conjurer (Deep Elf Conjurer)                Turns: 1306, Time: 00:22:25

Health: 0/24       AC:  2    Str:  6    XL:     4   Next: 36%
Magic:  1/11       EV: 13    Int: 20    God:
Gold:   35         SH:  3    Dex: 15    Spells: 9/10 levels left

rFire    . . .     SeeInvis .   (no weapon)
rCold    . . .     Gourm    +   h - +0 buckler
rNeg     . . .     Faith    .   a - +0 robe
rPois    .         Spirit   .   (no helmet)
rElec    .         Reflect  .   (no cloak)
rCorr    .         Harm     .   (no gloves)
MR       .....                  (no boots)
Stlth    ++........             n - amulet of the gourmand
HPRegen  0.08/turn              (no ring)
MPRegen  0.12/turn              (no ring)

@: no status effects
A: no striking features
a: no special abilities


You were on level 2 of the Dungeon.
You were not hungry.

You visited 1 branch of the dungeon, and saw 2 of its levels.

You collected 35 gold pieces.

Inventory:

Armour
 a - a +0 robe (worn)
 h - a +0 buckler (worn)
Jewellery
 n - an amulet of the gourmand (around neck)
Scrolls
 e - a scroll of identify
 f - 2 scrolls of amnesia
 l - a scroll of remove curse
Potions
 g - a potion of lignification {unknown}
 i - a potion of flight {unknown}
 k - a potion of invisibility {unknown}
 m - a potion of heal wounds {unknown}
Books
 b - a book of Conjurations

   Spells                             Type                      Level
   a - Magic Dart                     Conjuration                  1
   b - Searing Ray                    Conjuration                  2
   c - Dazzling Spray                 Conjuration/Hexes            3
   d - Fulminant Prism                Conjuration/Hexes            4
   e - Force Lance                    Conjuration/Translocation    4
   f - Iskenderun's Mystic Blast      Conjuration                  4
Comestibles
 c - a ration


   Skills:
 + Level 0.9 Fighting
 + Level 3.1 Dodging
 + Level 3.1 Stealth
 + Level 3.7 Spellcasting
 + Level 5.3 Conjurations


You had 9 spell levels left.
You knew the following spells:

 Your Spells              Type           Power        Failure   Level  Hunger
a - Magic Dart            Conj           ####         2%          1    None


Dungeon Overview and Level Annotations

Branches:
Dungeon (2/15)

Altars:


Message History

You hit the worm but do no damage.
The worm is moderately wounded.
You hit the worm.
The worm is moderately wounded.
The worm bites you!
You barely miss the worm.
The worm is moderately wounded.
You hit the worm but do no damage.
The worm is moderately wounded.
The worm bites you.
You hit the worm.
The worm is moderately wounded.
The worm bites you.
* * * LOW HITPOINT WARNING * * *
You hit the worm.
The worm is heavily wounded.
You hit the worm but do no damage.
The worm is heavily wounded.
The worm bites you!
You die...

....# ..........#......######
...†# ##........).###......##
....# ###..#..#.#..#####..#...
....## #.......#.............#.
.....# #.#...#.#..#####........
.....### #.#.#.#..>## #.........
..#....###.)...#...#####.......÷.
#.##.........###...#..........÷..
#. ###.......#..@..............).
#. ##.#....#.w...............<.
#. ##...)...#...................
[.###..##...............#........
...#(.###..#.#..........##.....#.
.....###..##.##...<#(.....#...###
....###...##.............÷....#..
.....................#####.......
.................................


You could see a worm.

Vanquished Creatures
  5 adders (D:2)
  A dart slug (D:1)
  A leopard gecko (D:1)
  2 ball pythons
  8 bats
  3 goblins
  10 hobgoblins
  2 jackals (D:2)
  3 frilled lizards (D:2)
  2 kobolds (D:2)
  5 rats
42 creatures vanquished.

Notes
Turn   | Place    | Note
-------+----------+-------------------------------------------
     0 | D:1      | Oca the Deep Elf Conjurer began the quest for the Orb.
     0 | D:1      | Reached XP level 1. HP: 10/10 MP: 6/6
    77 | D:1      | Reached XP level 2. HP: 12/15 MP: 0/8
   431 | D:1      | Reached skill level 5 in Conjurations
   925 | D:2      | Reached XP level 3. HP: 19/19 MP: 1/9
  1138 | D:2      | Reached XP level 4. HP: 23/24 MP: 0/11
  1306 | D:2      | Slain by a worm

Skill      XL: |  1  2  3  4 |
---------------+-------------+-----
Conjurations   | 5 |  5.3
Stealth        | 3 |  3.1
Dodging        | 3 |  3.1
Fighting       | |  0.9
Spellcasting   | |  3.7

Action                   |  1- 3 |  4- 6 || total
-------------------------+-------+-------++-------
Melee: Unarmed           |     3 |     8 ||    11
 Cast: Magic Dart        |    67 |    20 ||    87
  Use: Scroll            |       |     3 ||     3
  Eat: Chunk             |       |     3 ||     3
Armor: Robe              |     5 |     1 ||     6
Dodge: Dodged            |     8 |     3 ||    11
Block: Buckler           |     1 |     1 ||     2
